[Event "Titled Tuesday Blitz May 9 Late 2023"]
[White "Bortnyk, Olexandr"]
[Black "Salinas Herrera, Pablo"]
[WhiteFideId "14120828"]
[BlackFideId "3407128"]
[WhiteElo "2734"]
[BlackElo "2546"]
[Result "1-0"]
[Round "10"]
[TimeControl "180+2"]
[Date "2023.05.09"]
[WhiteClock "0:02:27"]
[BlackClock "0:01:17"]

1. d4 e6 2. Nc3 d5 3. Bf4 Bd6 4. e3 Nf6 5. Nf3 O-O 6. a3 b6 7. Ne5 Bb7 8. Bd3 Ne4 9. Qh5 f5 10. g4 Nf6 11. Qh3 Bxe5 12. dxe5 Nxg4 13. Rg1 Nd7 14. Rxg4 fxg4 15. Qxh7+ Kf7 16. Bg6+ 1-0


[Site "https://www.chess.com"]

[Event "Titled Tuesday Blitz May 9 Late 2023"]
[White "Pranav, V"]
[Black "Mortazavi, Ali"]
[WhiteFideId "25060783"]
[BlackFideId "401323"]
[WhiteElo "2515"]
[BlackElo "2339"]
[Result "1-0"]
[Round "10"]
[TimeControl "180+2"]
[Date "2023.05.09"]
[WhiteClock "0:00:02"]
[BlackClock "0:00:00"]

1. e4 c6 2. Nf3 d5 3. e5 Bf5 4. Nh4 Bd7 5. d4 c5 6. c3 Nc6 7. Be3 e6 8. Nf3 Qb6 9. Qd2 Nh6 10. Bd3 cxd4 11. Nxd4 Nxe5 12. Be2 Neg4 13. Bxh6 Nxh6 14. O-O Be7 15. a4 a6 16. a5 Qd6 17. Na3 e5 18. Ndc2 Bc6 19. Rad1 Rd8 20. Rfe1 O-O 21. Bf1 Bf6 22. Nb4 Qc7 23. Qc2 Qxa5 24. Bxa6 Qc7 25. Bf1 e4 26. Qb3 Qe5 27. h3 Nf5 28. Nac2 Nh4 29. Nd4 Qg5 30. Kh1 Rd6 31. Nbc2 Be5 32. g3 Nf5 33. Nxf5 Qxf5 34. Kg1 Rf6 35. Rd2 Qg5 36. Re3 h5 37. c4 dxc4 38. Bxc4 h4 39. Ne1 hxg3 40. fxg3 Ra8 41. h4 Qf5 42. Kh2 Ra1 43. Ng2 Qg4 44. Rd8+ Kh7 45. Be2 Qg6 46. Rd1 1-0


[Site "https://www.chess.com"]

[Event "Titled Tuesday Blitz May 9 Late 2023"]
[White "Yoo, Christopher Woojin"]
[Black "Krzyzanowski, Marcin"]
[WhiteFideId "30909694"]
[BlackFideId "1132199"]
[WhiteElo "2519"]
[BlackElo "2471"]
[Result "1-0"]
[Round "10"]
[TimeControl "180+2"]
[Date "2023.05.09"]
[WhiteClock "0:01:22"]
[BlackClock "0:00:28"]

1. e4 d6 2. d4 Nf6 3. Nc3 g6 4. f4 Bg7 5. Nf3 O-O 6. Bd3 Na6 7. O-O c5 8. e5 Nd7 9. Be3 Nb4 10. a3 Nxd3 11. Qxd3 cxd4 12. Bxd4 dxe5 13. fxe5 Nb6 14. Rad1 Bf5 15. Qe2 Qc7 16. a4 Qc4 17. Qf2 Rac8 18. Bxb6 axb6 19. Nd5 Qc5 20. Qxc5 Rxc5 21. Nxe7+ Kh8 22. Nxf5 gxf5 23. c3 Bxe5 24. b4 1-0


[Site "https://www.chess.com"]

[Event "Titled Tuesday Blitz May 9 Late 2023"]
[White "Kamsky, Gata"]
[Black "Pakleza, Zbigniew"]
[WhiteFideId "2000024"]
[BlackFideId "1119290"]
[WhiteElo "2660"]
[BlackElo "2410"]
[Result "1-0"]
[Round "10"]
[TimeControl "180+2"]
[Date "2023.05.09"]
[WhiteClock "0:01:29"]
[BlackClock "0:00:09"]

1. d4 d5 2. Bf4 c5 3. e3 Nc6 4. c3 Nf6 5. Nd2 e6 6. Ngf3 Bd6 7. Bg3 O-O 8. Bd3 Qe7 9. Ne5 Nd7 10. f4 f5 11. O-O Ndxe5 12. fxe5 Bc7 13. h4 a6 14. Nf3 Qe8 15. Ng5 b5 16. a3 Bd7 17. Bf4 Qe7 18. g4 g6 19. gxf5 gxf5 20. Kh2 Kh8 21. Qh5 c4 22. Be2 Qg7 23. Rg1 Qg6 24. Qxg6 hxg6 25. Nxe6 Bxe6 26. Rxg6 Nd8 27. Rh6+ Kg7 28. Rg1+ Kf7 29. Rh7+ Ke8 30. Rxc7 1-0


[Site "https://www.chess.com"]

[Event "Titled Tuesday Blitz May 9 Late 2023"]
[White "Sieciechowicz, Marcin"]
[Black "Pichot, Alan"]
[WhiteFideId "1130170"]
[BlackFideId "110973"]
[WhiteElo "2302"]
[BlackElo "2573"]
[Result "0-1"]
[Round "10"]
[TimeControl "180+2"]
[Date "2023.05.09"]
[WhiteClock "0:00:06"]
[BlackClock "0:00:54"]

1. d4 Nf6 2. Bf4 d5 3. e3 c5 4. c3 Nc6 5. Nd2 cxd4 6. cxd4 g6 7. Bb5 Bg7 8. Ngf3 O-O 9. O-O Nh5 10. Bg5 h6 11. Bh4 g5 12. Ne1 Nf4 13. Bg3 Ng6 14. Nd3 Qb6 15. Qa4 Bd7 16. Nc5 Be8 17. Rac1 Nxd4 18. Bxe8 Ne2+ 19. Kh1 Rfxe8 20. Nd7 Qxb2 21. Rc2 b5 22. Rxb2 bxa4 23. Rb7 Rac8 24. Nf3 Rc2 25. Rxa7 Rxa2 26. Nb6 Nc3 27. Nd4 e6 28. Nc6 a3 29. Nd7 Ne4 30. Nb4 Rb2 31. Nd3 Rb3 32. N3c5 Nxc5 33. Nxc5 Rc3 34. Na4 Rc6 0-1


[Site "https://www.chess.com"]

[Event "Titled Tuesday Blitz May 9 Late 2023"]
[White "Grigoriants, Sergey"]
[Black "Holt, Conrad"]
[WhiteFideId "4130804"]
[BlackFideId "2034387"]
[WhiteElo "2502"]
[BlackElo "2592"]
[Result "0-1"]
[Round "10"]
[TimeControl "180+2"]
[Date "2023.05.09"]
[WhiteClock "0:00:00"]
[BlackClock "0:00:09"]

1. d4 d5 2. c4 c6 3. Nc3 dxc4 4. e4 b5 5. a4 b4 6. Na2 Nf6 7. e5 Nd5 8. Bxc4 Bf5 9. Ne2 e6 10. O-O Be7 11. Bd2 Nb6 12. Bb3 a5 13. Bc2 Bxc2 14. Qxc2 Qd5 15. Nac1 c5 16. dxc5 Bxc5 17. Nb3 Be7 18. Be3 N8d7 19. Bxb6 Nxb6 20. Rfd1 Qc4 21. Rac1 Qxc2 22. Rxc2 O-O 23. Ned4 Rfd8 24. Rdc1 Kf8 25. g3 Nxa4 26. Ra1 Nxb2 27. Rxb2 a4 28. Rba2 a3 29. Rc2 Rdc8 30. Rac1 Rxc2 31. Rxc2 a2 32. Rc1 f6 33. f4 fxe5 34. fxe5 Kf7 35. Kf2 Bg5 36. Ra1 Ra3 37. Ke2 Bd8 38. Kd3 Bc7 39. Kc4 Bxe5 40. Kxb4 Ra8 41. Kc4 Rc8+ 42. Kd3 Ra8 43. Re1 Bf6 44. Rf1 e5 45. Nc2 Rb8 46. Nba1 e4+ 47. Kxe4 Rb1 48. Rf2 Kg6 49. Kd3 Bxa1 50. Nxa1 Rxa1 51. Rd2 Kf5 52. Kd4 Kg4 53. Kd5 g5 54. Kd4 h5 55. Kd5 h4 56. gxh4 gxh4 57. Kd4 Kh3 58. Kd3 Rh1 59. Kd4 Rxh2 60. Rd1 Rg2 61. Ke3 Kg3 0-1


[Site "https://www.chess.com"]

[Event "Titled Tuesday Blitz May 9 Late 2023"]
[White "Peng, Li Min"]
[Black "Wieczorek, Oskar"]
[WhiteFideId "14112620"]
[BlackFideId "1133950"]
[WhiteElo "2436"]
[BlackElo "2418"]
[Result "0-1"]
[Round "10"]
[TimeControl "180+2"]
[Date "2023.05.09"]
[WhiteClock "0:00:00"]
[BlackClock "0:00:02"]

1. e4 c5 2. Nf3 e6 3. d4 cxd4 4. Nxd4 Nf6 5. Nc3 d6 6. Be2 a6 7. O-O Qc7 8. f4 Be7 9. Bf3 O-O 10. Be3 Nc6 11. Qe1 Bd7 12. Rd1 b5 13. Nxc6 Bxc6 14. a3 a5 15. e5 dxe5 16. fxe5 Nd7 17. Bd4 b4 18. axb4 axb4 19. Ne4 Bxe4 20. Bxe4 Rad8 21. Kh1 Bc5 22. Bxc5 Qxc5 23. Qh4 h6 24. Rd3 Qxe5 25. Rfd1 f5 26. Bc6 Qxb2 27. Bxd7 Kh8 28. Bxe6 Rxd3 29. cxd3 Qc2 30. Re1 b3 31. Bxb3 Qxb3 32. Qe7 Rg8 33. d4 f4 34. Qe4 Rf8 35. d5 f3 36. gxf3 Rxf3 37. Qe8+ Kh7 38. Qe4+ Kg8 0-1


[Site "https://www.chess.com"]

[Event "Titled Tuesday Blitz May 9 Late 2023"]
[White "Sattarov, Bobir"]
[Black "Seemann, Jakub"]
[WhiteFideId "14203081"]
[BlackFideId "21874697"]
[WhiteElo "2351"]
[BlackElo "2364"]
[Result "0-1"]
[Round "10"]
[TimeControl "180+2"]
[Date "2023.05.09"]
[WhiteClock "0:00:00"]
[BlackClock "0:00:14"]

1. e4 e6 2. d4 d5 3. e5 c5 4. c3 Bd7 5. Nf3 Qb6 6. Bd3 cxd4 7. O-O Bb5 8. Bxb5+ Qxb5 9. Nxd4 Qd7 10. Bd2 Nc6 11. f4 Nge7 12. Nf3 h5 13. Bc1 Nf5 14. b4 a5 15. b5 Bc5+ 16. Kh1 h4 17. Ng5 Nce7 18. a4 Nc8 19. Na3 Nb6 20. Nc2 Nc4 21. Qe2 O-O-O 22. Rd1 f6 23. Nh3 Kb8 24. Nd4 Bxd4 25. cxd4 Rc8 26. Ba3 Qf7 27. b6 Rhg8 28. Bc5 Qd7 29. Rdc1 fxe5 30. fxe5 g5 31. Nf2 g4 32. Nd3 Nfe3 33. Nb2 h3 34. g3 Qh7 35. Nxc4 Nxc4 36. Qc2 Qxc2 37. Rxc2 Rg5 38. Rf1 Nxb6 39. Bd6+ Ka7 40. Rxc8 Nxc8 41. Bc5+ Kb8 42. Rf6 Kc7 43. Rxe6 Rf5 44. Rf6 Rxf6 45. exf6 Nd6 46. Kg1 b6 47. Ba3 Kc6 48. Kf1 Nf7 49. Ke2 b5 50. axb5+ Kxb5 51. Ke3 Ka4 52. Bc5 Kb3 53. Kf4 a4 54. Kf5 a3 55. Bxa3 Kxa3 56. Ke6 Nd8+ 57. Kd7 Nf7 58. Ke6 Ng5+ 59. Kxd5 Kb4 60. Kc6 Kc4 61. d5 Kd4 62. d6 Ke5 63. d7 Nf7 64. Kc7 Kxf6 65. d8=Q+ Nxd8 66. Kxd8 Ke5 67. Ke7 Ke4 68. Kf6 Kf3 69. Kg5 Kg2 70. Kxg4 Kxh2 71. Kh4 Kg2 72. g4 h2 73. g5 h1=Q+ 74. Kg4 Qh3+ 75. Kf4 Qf3+ 76. Ke5 Kh3 77. g6 Kg4 78. g7 Qf5+ 79. Kd6 Qg6+ 80. Ke7 Qxg7+ 81. Ke8 Qg5 82. Kf7 Qe5 0-1


[Site "https://www.chess.com"]

[Event "Titled Tuesday Blitz May 9 Late 2023"]
[White "Arabidze, Meri"]
[Black "Naroditsky, Daniel"]
[WhiteFideId "13604040"]
[BlackFideId "2026961"]
[WhiteElo "2405"]
[BlackElo "2633"]
[Result "1/2-1/2"]
[Round "10"]
[TimeControl "180+2"]
[Date "2023.05.09"]
[WhiteClock "0:00:02"]
[BlackClock "0:00:03"]

1. d4 Nf6 2. Nf3 g6 3. g3 Bg7 4. Bg2 O-O 5. O-O d6 6. a4 a5 7. Nc3 c6 8. e4 Bg4 9. h3 Bxf3 10. Bxf3 Nbd7 11. Bg2 e5 12. Be3 Re8 13. Re1 Qc7 14. Qd2 Rad8 15. Rad1 exd4 16. Bxd4 Ne5 17. b3 Nh5 18. Kh2 Qe7 19. f4 Nf6 20. Bb6 Bh6 21. Bxd8 Rxd8 22. Qd4 c5 23. Nd5 Nxd5 24. Qxd5 Nc6 25. c3 Bg7 26. Qc4 h5 27. h4 Qc7 28. Rd3 Ne7 29. e5 dxe5 30. Rxd8+ Qxd8 31. fxe5 Nf5 32. Qd5 Qc7 33. Bh3 c4 34. Bxf5 gxf5 35. bxc4 Qb6 36. e6 Qf2+ 37. Kh3 Qxe1 38. exf7+ Kh8 39. Qd8+ Kh7 40. Qd5 Qf1+ 41. Kh2 Qf2+ 42. Kh3 b6 43. Qc6 Qe3 44. Qd5 Qf2 45. Qc6 f4 46. Qe4+ Kh8 47. Qe8+ Kh7 48. Qe4+ Kh6 49. Qe6+ Kh7 50. Qe4+ 1/2-1/2


[Site "https://www.chess.com"]

[Event "Titled Tuesday Blitz May 9 Late 2023"]
[White "Chigaev, Maksim"]
[Black "benny_aizenberg"]
[WhiteFideId "4108116"]
[WhiteElo "2558"]
[BlackElo "2656"]
[Result "0-1"]
[Round "10"]
[TimeControl "180+2"]
[Date "2023.05.09"]
[WhiteClock "0:00:13"]
[BlackClock "0:00:19"]

1. d4 f5 2. Bg5 g6 3. Nc3 Bg7 4. f3 d5 5. Qd2 h6 6. Bh4 g5 7. Bf2 Nf6 8. O-O-O Be6 9. h4 g4 10. e4 fxe4 11. fxe4 Nxe4 12. Nxe4 dxe4 13. d5 Bf5 14. Ne2 Qd6 15. Bd4 Bf6 16. Nc3 Nd7 17. Nb5 Qg3 18. d6 cxd6 19. Nc7+ Kf7 20. Bc4+ Kg7 21. Rhf1 Rac8 22. Ne6+ Kh7 23. Bd5 e3 24. Bxe3 Rxc2+ 25. Qxc2 Qxe3+ 0-1


[Site "https://www.chess.com"]

[Event "Titled Tuesday Blitz May 9 Late 2023"]
[White "TimGrutter03"]
[Black "Demchenko, Anton"]
[BlackFideId "4160258"]
[WhiteElo "2628"]
[BlackElo "2545"]
[Result "0-1"]
[Round "10"]
[TimeControl "180+2"]
[Date "2023.05.09"]
[WhiteClock "0:00:00"]
[BlackClock "0:00:06"]

1. g3 Nf6 2. Bg2 g6 3. Nf3 Bg7 4. O-O O-O 5. d3 d6 6. Nbd2 e5 7. c4 a5 8. a3 a4 9. b4 axb3 10. Qxb3 Nbd7 11. a4 Nc5 12. Qc2 c6 13. Bb2 Re8 14. Bc3 Bd7 15. a5 Qc8 16. Nb3 Na6 17. Rfb1 Bh3 18. Bh1 h6 19. Qb2 Rb8 20. c5 Nd5 21. e4 Nxc3 22. Qxc3 d5 23. Nbd2 Nc7 24. Qc1 Rd8 25. Ra2 Be6 26. Rab2 Na6 27. Rb6 Qc7 28. exd5 Bxd5 29. Ne4 Bxe4 30. dxe4 Bf8 31. R6b2 Nxc5 32. Re2 Nd3 33. Qe3 Qxa5 34. Rd1 Nf4 35. Red2 Rxd2 36. Rxd2 Qa1+ 37. Ne1 Bc5 0-1


[Site "https://www.chess.com"]

[Event "Titled Tuesday Blitz May 9 Late 2023"]
[White "Fernandez Guillen, Ernesto J."]
[Black "MKlose11"]
[WhiteFideId "3512428"]
[WhiteElo "2429"]
[BlackElo "2621"]
[Result "0-1"]
[Round "10"]
[TimeControl "180+2"]
[Date "2023.05.09"]
[WhiteClock "0:00:11"]
[BlackClock "0:00:17"]

1. e4 e6 2. Nf3 d5 3. Nc3 d4 4. Ne2 c5 5. d3 Nc6 6. g3 Nf6 7. Bg2 Bd6 8. O-O e5 9. Ne1 h5 10. c4 h4 11. f4 hxg3 12. hxg3 Bg4 13. f5 Nh5 14. Bf3 Nf6 15. Bxg4 Nxg4 16. Nxd4 exd4 17. Qxg4 Qe7 18. Qxg7 O-O-O 19. Bg5 Qe8 20. Bxd8 Rg8 21. Qh6 Qxd8 22. Ng2 Rxg3 23. f6 Qg8 24. Kh1 Qg4 25. Qd2 Rh3+ 26. Kg1 Bh2+ 27. Kf2 Rf3+ 28. Ke1 Bg3+ 29. Kd1 Rxd3+ 30. Kc2 Nb4+ 31. Kc1 Rxd2 32. Kxd2 Be5 33. Rf2 Qg3 34. Raf1 Qd3+ 35. Ke1 Nc2+ 36. Rxc2 Qxc2 37. Rf2 Bg3 0-1


[Site "https://www.chess.com"]

[Event "Titled Tuesday Blitz May 9 Late 2023"]
[White "Santos Ruiz, Miguel"]
[Black "Kourkoulos-Arditis, Stamatis"]
[WhiteFideId "22291482"]
[BlackFideId "4221990"]
[WhiteElo "2499"]
[BlackElo "2400"]
[Result "0-1"]
[Round "10"]
[TimeControl "180+2"]
[Date "2023.05.09"]
[WhiteClock "0:00:04"]
[BlackClock "0:00:10"]

1. d4 c5 2. d5 g6 3. e4 Bg7 4. c4 d6 5. Nc3 Nf6 6. Bd3 O-O 7. h3 e6 8. Nf3 exd5 9. exd5 Re8+ 10. Kf1 Nfd7 11. h4 h5 12. Bf4 Ne5 13. Nxe5 Bxe5 14. Bxe5 Rxe5 15. Qd2 Nd7 16. Rh3 Nf6 17. Re3 Ng4 18. Rxe5 Nxe5 19. Kg1 Qxh4 20. Re1 Bd7 21. Re4 Ng4 22. Qf4 Bf5 23. Be2 g5 24. Bxg4 gxf4 25. Bxf5 Kf8 26. Ne2 Re8 27. Rxf4 Qg5 28. Be4 Kg7 29. f3 a6 30. Kf2 b5 31. Ng3 bxc4 32. Nf5+ Kf8 33. g3 Rd8 34. Rh4 Rb8 35. f4 Rxb2+ 36. Kf3 Qf6 37. Rxh5 Rxa2 38. g4 Qc3+ 39. Ne3 Ra3 40. Rh8+ Qxh8 0-1


[Site "https://www.chess.com"]

[Event "Titled Tuesday Blitz May 9 Late 2023"]
[White "Kleiman, Jake"]
[Black "Leiva, Gianmarco"]
[WhiteFideId "2020041"]
[BlackFideId "3804399"]
[WhiteElo "2615"]
[BlackElo "2365"]
[Result "0-1"]
[Round "10"]
[TimeControl "180+2"]
[Date "2023.05.09"]
[WhiteClock "0:00:13"]
[BlackClock "0:00:04"]

1. e4 c5 2. c3 e6 3. d4 d5 4. exd5 Qxd5 5. Nf3 Nf6 6. Na3 Nc6 7. Be3 cxd4 8. Nb5 Qd8 9. Nbxd4 Bd7 10. Bd3 Be7 11. O-O O-O 12. Qe2 Qb8 13. Rad1 Rd8 14. Rfe1 Be8 15. h3 Qc7 16. Bg5 Nxd4 17. Nxd4 Qb6 18. Nf5 Bf8 19. Nh6+ Kh8 20. Ng4 Nxg4 21. Bxd8 Qxf2+ 22. Qxf2 Nxf2 23. Kxf2 Rxd8 24. Be4 Rb8 25. Rd2 Be7 26. Red1 h5 27. Bf3 g6 28. Kf1 Kg7 29. Rd7 Bxd7 30. Rxd7 Bh4 31. Rxb7 Rd8 32. Ke2 Bg5 33. Ke1 Bd2+ 34. Kf1 Be3 35. Ke2 Bf4 36. Rxa7 Rd2+ 37. Ke1 Rxb2 38. Ra3 e5 39. Bd5 f5 40. c4 e4 41. c5 Rxg2 42. c6 Rc2 43. Ra7+ Kf6 44. a4 Ke5 45. Rd7 Be3 46. a5 f4 47. c7 f3 48. Bxe4 Kxe4 49. Re7+ Kf4 50. Rf7+ Kg3 51. Kd1 Rc1# 0-1


[Site "https://www.chess.com"]

[Event "Titled Tuesday Blitz May 9 Late 2023"]
[White "Nazari, Arad"]
[Black "Ismagilov, Damir"]
[WhiteFideId "12577324"]
[BlackFideId "34199982"]
[WhiteElo "2175"]
[BlackElo "2143"]
[Result "1-0"]
[Round "10"]
[TimeControl "180+2"]
[Date "2023.05.09"]
[WhiteClock "0:00:33"]
[BlackClock "0:00:05"]

1. e4 g6 2. d4 Bg7 3. Nc3 d6 4. f4 c5 5. Bb5+ Bd7 6. Bxd7+ Nxd7 7. Be3 cxd4 8. Bxd4 e5 9. fxe5 dxe5 10. Be3 Ngf6 11. Qd2 O-O 12. O-O-O Rc8 13. Nf3 Qa5 14. Kb1 Nc5 15. Nd5 Qxd2 16. Nxf6+ Bxf6 17. Nxd2 Rfd8 18. Rhf1 Kg7 19. c3 Rd3 20. Bxc5 Rxc5 21. Nb3 Rxd1+ 22. Rxd1 Rc4 23. Nd2 Ra4 24. b3 Ra6 25. Nc4 b5 26. Nd6 Rb6 27. Rd5 a6 28. c4 bxc4 29. Nxc4 Re6 30. a4 Bg5 31. Rxe5 Rxe5 32. Nxe5 Bf4 33. Nf3 g5 34. h3 h5 35. g4 hxg4 36. hxg4 Kf6 37. Kc2 Ke6 38. Kd3 Kd6 39. Kc4 f6 40. b4 Be3 41. b5 a5 42. Kd3 Bb6 43. Nd4 Ke5 44. Ne2 Bc5 45. Kc4 Bb6 46. Nc3 Ba7 47. Nd5 Kxe4 48. Nxf6+ Kf4 49. Kd5 Bb8 50. Kc6 Be5 51. Nh7 Kxg4 52. Kb6 Kf5 53. Nxg5 Kxg5 54. Kxa5 Kf6 55. Kb6 Ke7 56. a5 Kd7 57. Kb7 Bd4 58. a6 Kd6 59. a7 Bxa7 60. Kxa7 Kc5 61. b6 Kc6 62. b7 Kc7 63. b8=Q+ 1-0


[Site "https://www.chess.com"]

[Event "Titled Tuesday Blitz May 9 Late 2023"]
[White "Averjanov, Alexey"]
[Black "Adewumi, Tanitoluwa"]
[WhiteFideId "14109867"]
[BlackFideId "30966396"]
[WhiteElo "2709"]
[BlackElo "2576"]
[Result "1-0"]
[Round "10"]
[TimeControl "180+2"]
[Date "2023.05.09"]
[WhiteClock "0:00:34"]
[BlackClock "0:00:00"]

1. d4 Nf6 2. c4 e6 3. Nf3 b6 4. g3 Ba6 5. Nbd2 c5 6. Bg2 Bb7 7. O-O cxd4 8. Nxd4 Bxg2 9. Kxg2 Qc8 10. b3 Nc6 11. Bb2 d5 12. cxd5 Nxd4 13. Bxd4 Nxd5 14. Rc1 Qa6 15. Qc2 Qb7 16. Nf3 f6 17. e4 Nb4 18. Qc4 e5 19. Bxe5 fxe5 20. Nxe5 b5 21. Qe6+ Qe7 22. Qf5 g6 23. Rc8+ Rxc8 24. Qxc8+ Qd8 25. Qb7 Be7 26. Qxb5+ Kf8 27. Qc4 Qe8 28. a3 Bd6 29. f4 Na2 30. Rf2 Nc1 31. Qxc1 Kg7 32. Qc3 Bxe5 33. fxe5 Qe6 34. Rf6 Qg4 35. e6 1-0


[Site "https://www.chess.com"]

[Event "Titled Tuesday Blitz May 9 Late 2023"]
[White "Bayo Milagro, Alvaro"]
[Black "Hjartarson, Johann"]
[WhiteFideId "22275240"]
[BlackFideId "2300044"]
[WhiteElo "2270"]
[BlackElo "2407"]
[Result "0-1"]
[Round "10"]
[TimeControl "180+2"]
[Date "2023.05.09"]
[WhiteClock "0:00:52"]
[BlackClock "0:01:04"]

1. Nf3 Nf6 2. g3 b5 3. Bg2 Bb7 4. O-O e6 5. d4 Be7 6. a3 O-O 7. Nc3 a6 8. Qd3 d5 9. Bg5 Nbd7 10. b4 Ne4 11. Bxe7 Qxe7 12. Nd2 f5 13. f4 Nd6 14. Nf3 Nc4 15. Nd1 a5 16. c3 Ra7 17. Ne3 Rfa8 18. Nxc4 dxc4 19. Qe3 axb4 20. cxb4 Nf6 21. Ng5 Bxg2 22. Kxg2 Nd5 23. Qe5 Ra6 24. g4 h6 25. Nf3 Rxa3 26. Rxa3 Rxa3 27. gxf5 Re3 28. f6 Qf7 0-1


[Site "https://www.chess.com"]

[Event "Titled Tuesday Blitz May 9 Late 2023"]
[White "Matinian, Nikita"]
[Black "Martinez, Shawn"]
[WhiteFideId "24129100"]
[BlackFideId "2039770"]
[WhiteElo "2422"]
[BlackElo "2174"]
[Result "0-1"]
[Round "10"]
[TimeControl "180+2"]
[Date "2023.05.09"]
[WhiteClock "0:00:00"]
[BlackClock "0:00:04"]

1. e4 c5 2. Nf3 e6 3. d4 cxd4 4. Nxd4 a6 5. Nc3 Qc7 6. Be2 b5 7. O-O Bb7 8. f4 Bc5 9. Be3 Nc6 10. Kh1 Bb4 11. a4 bxa4 12. Rxa4 Bxc3 13. bxc3 Nf6 14. Bd3 Nxd4 15. Rxd4 Qxc3 16. Rc4 Qa5 17. Qb1 Bc6 18. Bb6 Qh5 19. Rc5 Qh4 20. g3 Qh3 21. Rxc6 dxc6 22. Bc5 Ng4 23. Bg1 O-O 24. Re1 Rad8 25. Qb6 e5 26. f5 c5 27. Qxc5 Rc8 28. Qb4 Rc6 29. Qd2 Rh6 30. Bf1 Qh5 31. Qe2 Qg5 32. h4 g6 33. Bh3 Rxh4 34. gxh4 Qxh4 35. Qxg4 Qxe1 36. f6 Rd8 37. Qg5 Rd1 38. Kh2 Qe2+ 39. Bg2 Qe1 0-1


[Site "https://www.chess.com"]

[Event "Titled Tuesday Blitz May 9 Late 2023"]
[White "Mekhitarian, Krikor Sevag"]
[Black "Ezat, Mohamed"]
[WhiteFideId "2107660"]
[BlackFideId "10600906"]
[WhiteElo "2604"]
[BlackElo "2386"]
[Result "1-0"]
[Round "10"]
[TimeControl "180+2"]
[Date "2023.05.09"]
[WhiteClock "0:00:11"]
[BlackClock "0:00:13"]

1. Nf3 Nf6 2. c4 g6 3. Nc3 Bg7 4. e4 O-O 5. d4 d6 6. h3 c5 7. d5 b5 8. cxb5 a6 9. a4 Bb7 10. Ra3 e6 11. dxe6 fxe6 12. Bc4 d5 13. Ba2 Kh8 14. O-O d4 15. Nb1 Nxe4 16. Bxe6 Nd7 17. Re1 axb5 18. axb5 Nb6 19. Nbd2 Rxa3 20. bxa3 Nc3 21. Qb3 d3 22. Bb2 Ne2+ 23. Kf1 Bxb2 24. Qxb2+ Qf6 25. Qxf6+ Rxf6 26. Bb3 Bxf3 27. gxf3 Nd4 28. Ba2 Nxf3 29. Nxf3 Rxf3 30. Re6 Na4 31. b6 d2 32. Rd6 Nxb6 33. Rxd2 Rxa3 34. Bb1 Ra1 35. Rb2 Nc4 36. Rb8+ Kg7 37. Kg2 Nd2 38. Bd3 c4 39. Be2 Re1 40. Bg4 h5 41. Bd7 c3 42. Rc8 Rc1 43. Ba4 Ne4 44. Rc7+ Kh6 45. Be8 Nd6 46. Ba4 Nf5 47. Rc6 Nd4 48. Rd6 c2 49. Rxd4 Rg1+ 50. Kxg1 c1=Q+ 51. Bd1 Qc3 52. Rd7 Qe1+ 53. Kg2 Qe4+ 54. Bf3 Qe6 55. Rd1 Qf5 56. Rd5 Qf6 57. Rd1 Qf4 58. Rd5 g5 59. Rd1 g4 60. hxg4 hxg4 61. Bb7 Kg7 62. Rd7+ Kf8 63. Rd1 Qf7 64. Bd5 Qf4 65. Rd3 Kg7 66. Rg3 Qd4 67. Bc6 Kf6 68. Bb7 Kg5 69. Ba8 Kh4 70. Bc6 Qb6 71. Bd5 Qa5 72. Be4 Qe5 73. Bc6 Qf4 74. Bd5 Kh5 75. Bc6 Kg5 76. Bd5 Kf5 77. Bc6 Qc4 78. Bd7+ Kf6 79. Bxg4 Qd5+ 80. Bf3 Qe5 81. Rg4 Qf5 82. Rg3 Qb1 83. Bd5 Qd1 84. Be4 Qe1 85. f3 Ke5 86. Rg4 Kd4 87. Bf5+ Ke3 88. Re4+ Kd2 89. Rxe1 Kxe1 90. Kg3 Ke2 91. Kf4 Kf2 92. Be4 Kg2 93. Kg4 Kh2 94. f4 Kg1 95. f5 Kh2 96. f6 Kg1 97. f7 Kh2 98. Bg6 Kg1 99. f8=Q Kh2 100. Qf3 Kg1 101. Qe2 Kh1 102. Kg3 Kg1 103. Qe1# 1-0


[Site "https://www.chess.com"]

[Event "Titled Tuesday Blitz May 9 Late 2023"]
[White "Klukin, Kirill"]
[Black "Schnaider, Ilan"]
[WhiteFideId "24199273"]
[BlackFideId "169013"]
[WhiteElo "2344"]
[BlackElo "2224"]
[Result "0-1"]
[Round "10"]
[TimeControl "180+2"]
[Date "2023.05.09"]
[WhiteClock "0:00:01"]
[BlackClock "0:01:21"]

1. e4 e5 2. Nf3 Nc6 3. Bc4 Nf6 4. Ng5 d5 5. exd5 Na5 6. Bb5+ c6 7. dxc6 bxc6 8. Bd3 h6 9. Ne4 Nd5 10. O-O Be7 11. Nbc3 O-O 12. Be2 f5 13. Ng3 Be6 14. d3 Bf6 15. Nh5 Bg5 16. f4 Nxf4 17. Nxf4 exf4 18. Kh1 Qc7 19. Bf3 Rad8 20. b4 Nc4 21. b5 cxb5 22. Nxb5 Qe5 23. Rb1 Ne3 24. Qe2 Bxa2 25. Rb4 Qc5 26. Ra4 Nxf1 27. Rxa2 Qxb5 28. Qxf1 Rfe8 29. Bb2 Qb4 30. c3 Qb3 31. Qa1 Kh8 32. c4 Qxa2 33. Bxg7+ Kh7 0-1


[Site "https://www.chess.com"]

[Event "Titled Tuesday Blitz May 9 Late 2023"]
[White "Prohaszka, Peter"]
[Black "Omranalhosani21"]
[WhiteFideId "726265"]
[WhiteElo "2626"]
[BlackElo "2617"]
[Result "0-1"]
[Round "10"]
[TimeControl "180+2"]
[Date "2023.05.09"]
[WhiteClock "0:00:00"]
[BlackClock "0:00:07"]

1. d4 d5 2. c3 c5 3. dxc5 e6 4. e4 Bxc5 5. exd5 Nf6 6. Bb5+ Bd7 7. Bxd7+ Qxd7 8. Nf3 Qxd5 9. O-O O-O 10. Bg5 Ne4 11. Qxd5 exd5 12. Nbd2 Nc6 13. Nb3 Bb6 14. a4 a6 15. Rad1 f6 16. Be3 Bxe3 17. fxe3 Rad8 18. Nfd4 Rfe8 19. Rfe1 Ne5 20. Re2 g6 21. Nc1 Nc5 22. a5 Nc4 23. Rde1 Re4 24. Ncb3 Nd3 25. Rb1 Rde8 26. Nd2 Rxe3 27. Rxe3 Rxe3 28. Nf1 Re5 29. b4 Nf4 30. b5 axb5 31. Rxb5 Re1 32. Kf2 Nd3+ 33. Kg3 Rxf1 34. Rxb7 Nxa5 0-1


[Site "https://www.chess.com"]

[Event "Titled Tuesday Blitz May 9 Late 2023"]
[White "Bitoon, Richard"]
[Black "ATM622"]
[WhiteFideId "5201110"]
[WhiteElo "2374"]
[BlackElo "2603"]
[Result "1-0"]
[Round "10"]
[TimeControl "180+2"]
[Date "2023.05.09"]
[WhiteClock "0:00:42"]
[BlackClock "0:00:01"]

1. e4 c6 2. d4 d5 3. Nc3 dxe4 4. Nxe4 Bf5 5. Ng3 Bg6 6. N1e2 e6 7. Nf4 Bd6 8. c3 Nf6 9. h4 Bxf4 10. Bxf4 h6 11. Qb3 Qb6 12. Qa3 Nbd7 13. O-O-O c5 14. h5 Bh7 15. dxc5 Qxc5 16. Qxc5 Nxc5 17. Bd6 Ncd7 18. Rh4 Rc8 19. Rb4 b6 20. Ba6 Rc6 21. Bb5 Rxd6 22. Rxd6 Ke7 23. Rd1 Nc5 24. Rbd4 a6 25. Be2 Rc8 26. Kd2 e5 27. Rh4 Nfe4+ 28. Nxe4 Bxe4 29. Rg4 Kf6 30. Ke1 a5 31. b4 axb4 32. cxb4 Bf5 33. bxc5 Bxg4 34. Bxg4 Rxc5 35. Rd6+ Kg5 36. Bd1 Ra5 37. a4 f5 38. Rg6+ Kf4 39. g3+ Ke4 40. Rxb6 f4 41. g4 f3 42. Rb4+ Kd3 43. Bxf3 Rc5 44. Be2+ Kc3 45. Rb5 Rc7 46. Rxe5 1-0


[Site "https://www.chess.com"]